| TOP OF THE 1ST |
|
St. Cloud Rox batting - Pitching for Aberdeen Pheasants : RHP Raul Ortiz
|
|
Pitching: RHP Raul Ortiz
|
|
|
Batting: LHB Doran Perdue
|
0-0: Fly out, F8 (Line Drive, 8RD, EV 106.9 MPH)
|
|
Batting: RHB Rich Velasquez
|
0-0: Ball 1-0: Ball 2-0: Ball 3-0: Foul Ball, location: 2F 3-1: Foul Ball, location: 2F 3-2: Base on Balls
|
|
Batting: SHB R J Reynolds
|
0-0: Fielders Choice at 2nd, 4-6 (Groundball, 4M, EV 86.3 MPH)
|
|
Batting: LHB Tim Flannery
|
0-0: Ball 1-0: Called Strike 1-1: Ball R J Reynolds is caught stealing 2nd base 2-6
|
| Top of the 1st over - 0 runs, 0 hits, 0 errors, 0 left on base; St. Cloud 0 - Aberdeen 0 |
| BOTTOM OF THE 1ST |
|
Aberdeen Pheasants batting - Pitching for St. Cloud Rox : LHP Sal Torres
|
|
Pitching: LHP Sal Torres
|
|
|
Batting: RHB Alejandro Luna
|
0-0: Called Strike 0-1: Swinging Strike 0-2: Ball 1-2: DOUBLE (Line Drive, 8RD, EV 96.9 MPH) - OUT at third base trying to stretch hit.
|
|
Batting: RHB Pedro Chavez
|
0-0: Foul Ball, location: 2F 0-1: Fly out, F7 (Line Drive, 7, EV 96.9 MPH)
|
|
Batting: LHB Sergio Leija
|
0-0: Fly out, F8 (Flyball, 8LXD, EV 107.5 MPH)
|
| Bottom of the 1st over - 0 runs, 1 hit, 0 errors, 0 left on base; St. Cloud 0 - Aberdeen 0 |
| TOP OF THE 2ND |
|
St. Cloud Rox batting - Pitching for Aberdeen Pheasants : RHP Raul Ortiz
|
|
Batting: LHB Tim Flannery
|
0-0: Called Strike 0-1: Ball 1-1: Ground out 6-3 (Groundball, 6MS, EV 85.6 MPH)
|
|
Batting: RHB Bill Worden
|
0-0: Ball 1-0: Called Strike 1-1: Swinging Strike 1-2: Ball 2-2: Foul Ball, location: 2F 2-2: Strikes out swinging
|
|
Batting: LHB Curtis Morgan
|
0-0: Ball 1-0: Called Strike 1-1: Called Strike 1-2: Ball 2-2: Strikes out swinging, 2-3 out at first.
|
| Top of the 2nd over - 0 runs, 0 hits, 0 errors, 0 left on base; St. Cloud 0 - Aberdeen 0 |
| BOTTOM OF THE 2ND |
|
Aberdeen Pheasants batting - Pitching for St. Cloud Rox : LHP Sal Torres
|
|
Batting: LHB Robert McNair
|
0-0: Ball 1-0: Called Strike 1-1: Ball 2-1: Swinging Strike 2-2: Strikes out swinging
|
|
Batting: SHB Stephen Moore
|
0-0: Ball 1-0: Foul Ball, location: 2F 1-1: Foul Ball, location: 2F 1-2: Ground out 4-3 (Groundball, 4, EV 82.5 MPH)
|
|
Batting: LHB Rick Leach
|
0-0: Ball 1-0: Called Strike 1-1: Ball 2-1: SINGLE (Line Drive, 56D, EV 93.8 MPH)
|
|
Batting: RHB Mike R Fitzgerald
|
0-0: Called Strike 0-1: Ball 1-1: SINGLE (Line Drive, 8LS, EV 93.8 MPH) Rick Leach to second Runner from 2nd tries for 3rd, SAFE, throw by CF made to third
|
|
Batting: RHB Armando Ramirez
|
0-0: DOUBLE (Flyball, 89D, EV 94.4 MPH) Rick Leach scores Mike R Fitzgerald to third Runner from 3rd tries for Home, SAFE, no throw by RF
|
|
Batting: RHB Diego Martinez
|
0-0: Called Strike 0-1: Ball 1-1: Called Strike 1-2: Strikes out swinging
|
| Bottom of the 2nd over - 2 runs, 3 hits, 0 errors, 1 left on base; St. Cloud 0 - Aberdeen 2 |
| TOP OF THE 3RD |
|
St. Cloud Rox batting - Pitching for Aberdeen Pheasants : RHP Raul Ortiz
|
|
Batting: RHB Ron Gooch
|
0-0: Ball 1-0: Called Strike 1-1: Foul Ball, location: 2F 1-2: Foul Ball, location: 2F 1-2: Strikes out swinging
|
|
Batting: SHB Manny Galvez
|
0-0: Ball 1-0: Ball 2-0: Foul Ball, location: 2F 2-1: Ground out U3 (Groundball, 34, EV 87.5 MPH)
|
|
Batting: RHB Dennis Sherrill
|
0-0: Swinging Strike 0-1: Ball 1-1: Ball 2-1: Foul Ball, location: 2F 2-2: Ground out 1-3 (Groundball, 13S, EV 65.6 MPH)
|
| Top of the 3rd over - 0 runs, 0 hits, 0 errors, 0 left on base; St. Cloud 0 - Aberdeen 2 |
| BOTTOM OF THE 3RD |
|
Aberdeen Pheasants batting - Pitching for St. Cloud Rox : LHP Sal Torres
|
|
Batting: RHB Alejandro Luna
|
0-0: Called Strike 0-1: Foul Ball, location: 2F 0-2: DOUBLE (Line Drive, 8RD, EV 104.4 MPH)
|
|
Batting: RHB Pedro Chavez
|
0-0: Ball 1-0: DOUBLE (Flyball, 89D, EV 98.1 MPH) Alejandro Luna scores
|
|
Batting: LHB Sergio Leija
|
0-0: Ball 1-0: SINGLE (Line Drive, 4D, EV 98.8 MPH) Pedro Chavez to third Runner from 3rd tries for Home, SAFE, throw by RF to home
|
|
Batting: LHB Robert McNair
|
0-0: Swinging Strike 0-1: Ball 1-1: Ball 2-1: Ball 3-1: Called Strike 3-2: Strikes out looking Sergio Leija is caught stealing 2nd base 2-6 Batter strikes out.
|
|
Batting: SHB Stephen Moore
|
0-0: Swinging Strike 0-1: Ball 1-1: Ball 2-1: Swinging Strike 2-2: Ball 3-2: Fly out, F7 (Flyball, 78M, EV 89.4 MPH)
|
| Bottom of the 3rd over - 2 runs, 3 hits, 0 errors, 0 left on base; St. Cloud 0 - Aberdeen 4 |
| TOP OF THE 4TH |
|
St. Cloud Rox batting - Pitching for Aberdeen Pheasants : RHP Raul Ortiz
|
|
Batting: LHB Doran Perdue
|
0-0: Called Strike 0-1: Swinging Strike 0-2: Strikes out swinging
|
|
Batting: RHB Rich Velasquez
|
0-0: Ball 1-0: Swinging Strike 1-1: Ball 2-1: Swinging Strike 2-2: Foul Ball, location: 2F 2-2: Foul Ball, location: 2F 2-2: Fly out, F7 (Flyball, 7LD, EV 84.4 MPH)
|
|
Batting: SHB R J Reynolds
|
0-0: Foul Ball, location: 2F 0-1: Foul Ball, location: 2F 0-2: Strikes out swinging
|
| Top of the 4th over - 0 runs, 0 hits, 0 errors, 0 left on base; St. Cloud 0 - Aberdeen 4 |
| BOTTOM OF THE 4TH |
|
Aberdeen Pheasants batting - Pitching for St. Cloud Rox : LHP Sal Torres
|
|
Batting: LHB Rick Leach
|
0-0: Called Strike 0-1: SINGLE (Groundball, 6MD, EV 100.6 MPH) (infield hit)
|
|
Batting: RHB Mike R Fitzgerald
|
0-0: Grounds into double play, 6-4-3 (Groundball, 6, EV 108.1 MPH)
|
|
Batting: RHB Armando Ramirez
|
0-0: Ground out 4-3 (Groundball, 4, EV 90.6 MPH)
|
| Bottom of the 4th over - 0 runs, 1 hit, 0 errors, 0 left on base; St. Cloud 0 - Aberdeen 4 |
| TOP OF THE 5TH |
|
St. Cloud Rox batting - Pitching for Aberdeen Pheasants : RHP Raul Ortiz
|
|
Batting: LHB Tim Flannery
|
0-0: Ball 1-0: TRIPLE (Line Drive, 8LXD, EV 103.8 MPH)
|
|
Batting: RHB Bill Worden
|
0-0: Ball 1-0: Fly out, F8 (Flyball, 8LM, EV 77.5 MPH) Runner from 3rd tags up, SCORES, throw by CF
|
|
Batting: LHB Curtis Morgan
|
0-0: Called Strike 0-1: Called Strike 0-2: Ground out 4-3 (Groundball, 4, EV 86.9 MPH)
|
|
Batting: RHB Ron Gooch
|
0-0: Ball 1-0: Called Strike 1-1: Ball 2-1: Ball 3-1: Base on Balls
|
|
Batting: SHB Manny Galvez
|
0-0: SINGLE (Groundball, 4MD, EV 105.6 MPH) Ron Gooch to second Runner from 2nd tries for 3rd, SAFE, throw by CF made to third
|
|
Batting: RHB Dennis Sherrill
|
0-0: Ball 1-0: Ball 2-0: Ball 3-0: Ground out 4-3 (Groundball, 13, EV 90.0 MPH)
|
| Top of the 5th over - 1 run, 2 hits, 0 errors, 2 left on base; St. Cloud 1 - Aberdeen 4 |
| BOTTOM OF THE 5TH |
|
Aberdeen Pheasants batting - Pitching for St. Cloud Rox : LHP Sal Torres
|
|
Batting: RHB Diego Martinez
|
0-0: Called Strike 0-1: Ground out 6-3 (Groundball, 6, EV 96.3 MPH)
|
|
Batting: RHB Alejandro Luna
|
0-0: Swinging Strike 0-1: Ball 1-1: Swinging Strike 1-2: Strikes out swinging
|
|
Batting: RHB Pedro Chavez
|
0-0: Ground out 6-3 (Groundball, 56D, EV 81.3 MPH)
|
| Bottom of the 5th over - 0 runs, 0 hits, 0 errors, 0 left on base; St. Cloud 1 - Aberdeen 4 |
| TOP OF THE 6TH |
|
St. Cloud Rox batting - Pitching for Aberdeen Pheasants : RHP Raul Ortiz
|
|
Batting: LHB Doran Perdue
|
0-0: Ball 1-0: Foul Ball, location: 2F 1-1: Foul Ball, location: 2F 1-2: Foul Ball, location: 2F 1-2: Ground out 5-3 (Groundball, 56, EV 82.5 MPH)
|
|
Batting: RHB Rich Velasquez
|
0-0: Ball 1-0: Foul Ball, location: 2F 1-1: Ground out 5-3 (Groundball, 56S, EV 84.4 MPH)
|
|
Batting: SHB R J Reynolds
|
0-0: Foul Ball, location: 2F 0-1: Fly out, F5 (Popup, 56, EV 63.1 MPH)
|
| Top of the 6th over - 0 runs, 0 hits, 0 errors, 0 left on base; St. Cloud 1 - Aberdeen 4 |
| BOTTOM OF THE 6TH |
|
Aberdeen Pheasants batting - Pitching for St. Cloud Rox : LHP Sal Torres
|
|
Batting: LHB Sergio Leija
|
0-0: Fly out, F9 (Flyball, 89M, EV 78.1 MPH)
|
|
Batting: LHB Robert McNair
|
0-0: Ball 1-0: Called Strike 1-1: Ball 2-1: Foul Ball, location: 2F 2-2: Ball 3-2: Reached on error, E7 (Flyball, 78D, EV 96.3 MPH)
|
|
Batting: SHB Stephen Moore
|
0-0: Ball 1-0: Called Strike 1-1: Foul Ball, location: 2F 1-2: Ball 2-2: Foul Ball, location: 2F 2-2: SINGLE (Line Drive, 89M, EV 95.6 MPH) Robert McNair to second Runner from 2nd tries for 3rd, SAFE, throw by CF made to third
|
|
Batting: LHB Rick Leach
|
0-0: Ball 1-0: Ball 2-0: Foul Ball, location: 2F 2-1: Fly out, F7 (Flyball, 7D, EV 99.4 MPH) Runner from 3rd tags up, SCORES, no throw by LF
|
|
Batting: RHB Mike R Fitzgerald
|
0-0: Foul Ball, location: 2F 0-1: Ground out 4-3 (Groundball, 4, EV 92.5 MPH)
|
| Bottom of the 6th over - 1 run, 1 hit, 1 error, 1 left on base; St. Cloud 1 - Aberdeen 5 |
| TOP OF THE 7TH |
|
St. Cloud Rox batting - Pitching for Aberdeen Pheasants : RHP Raul Ortiz
|
|
Batting: LHB Tim Flannery
|
0-0: Ball 1-0: Called Strike 1-1: Foul Ball, location: 2F 1-2: Foul Ball, location: 2F 1-2: Ball 2-2: Fly out, F5 (Line Drive, 5, EV 66.3 MPH)
|
|
Batting: RHB Bill Worden
|
0-0: Ball 1-0: Ground out 6-3 (Groundball, 6, EV 80.0 MPH)
|
|
Batting: LHB Curtis Morgan
|
0-0: Ball 1-0: Called Strike 1-1: Ball 2-1: Ball 3-1: Base on Balls
|
|
Batting: RHB Ron Gooch
|
0-0: Foul Ball, location: 2F 0-1: Ball 1-1: Ball 2-1: Foul Ball, location: 2F 2-2: Ball 3-2: Ground out 4-3 (Groundball, 4, EV 83.8 MPH)
|
| Top of the 7th over - 0 runs, 0 hits, 0 errors, 1 left on base; St. Cloud 1 - Aberdeen 5 |
| BOTTOM OF THE 7TH |
|
Aberdeen Pheasants batting - Pitching for St. Cloud Rox : LHP Sal Torres
|
|
Batting: RHB Armando Ramirez
|
0-0: Foul Ball, location: 2F 0-1: Ball 1-1: Ground out 6-3 (Groundball, 6, EV 81.3 MPH)
|
|
Batting: RHB Diego Martinez
|
0-0: Ball 1-0: Ball 2-0: SINGLE (Groundball, 6M, EV 97.5 MPH)
|
|
Batting: RHB Alejandro Luna
|
0-0: Ball 1-0: Ball 2-0: Called Strike 2-1: Fly out, F8 (Flyball, 8RD, EV 99.4 MPH)
|
|
Batting: RHB Pedro Chavez
|
0-0: Ground out 2-3 (Groundball, 13S, EV 73.1 MPH)
|
| Bottom of the 7th over - 0 runs, 1 hit, 0 errors, 1 left on base; St. Cloud 1 - Aberdeen 5 |
| TOP OF THE 8TH |
|
St. Cloud Rox batting - Pitching for Aberdeen Pheasants : RHP Raul Ortiz
|
|
Batting: SHB Manny Galvez
|
0-0: SINGLE (Groundball, 5L, EV 103.8 MPH) (infield hit)
|
|
Batting: RHB Dennis Sherrill
|
0-0: Called Strike 0-1: Ball 1-1: Ball 2-1: Ball 3-1: Called Strike 3-2: Strikes out swinging
|
|
Batting: LHB Doran Perdue
|
0-0: Swinging Strike 0-1: Swinging Strike 0-2: Ball 1-2: Ball 2-2: Strikes out swinging
|
|
Batting: RHB Rich Velasquez
|
0-0: Foul Ball, location: 2F 0-1: Ball 1-1: Ball 2-1: Called Strike 2-2: Strikes out swinging
|
| Top of the 8th over - 0 runs, 1 hit, 0 errors, 1 left on base; St. Cloud 1 - Aberdeen 5 |
| BOTTOM OF THE 8TH |
|
Aberdeen Pheasants batting - Pitching for St. Cloud Rox : LHP Sal Torres
|
|
Batting: LHB Sergio Leija
|
0-0: DOUBLE (Flyball, 8LXD, EV 96.3 MPH)
|
|
Batting: LHB Robert McNair
|
0-0: Ball 1-0: Ball 2-0: Foul Ball, location: 2F 2-1: Fly out, F8 (Line Drive, 8RD, EV 92.5 MPH)
|
|
Batting: SHB Stephen Moore
|
0-0: Ball 1-0: Ball 2-0: Ball 3-0: Called Strike 3-1: Called Strike 3-2: Ground out 6-3 (Groundball, 6, EV 86.9 MPH) Sergio Leija to third
|
|
Batting: LHB Rick Leach
|
0-0: Foul Ball, location: 2F 0-1: Ball 1-1: Ball 2-1: Foul Ball, location: 2F 2-2: Foul Ball, location: 2F 2-2: Ball 3-2: Foul Ball, location: 2F 3-2: Foul Ball, location: 2F 3-2: Ground out 6-3 (Groundball, 6, EV 88.1 MPH)
|
| Bottom of the 8th over - 0 runs, 1 hit, 0 errors, 1 left on base; St. Cloud 1 - Aberdeen 5 |
| TOP OF THE 9TH |
|
St. Cloud Rox batting - Pitching for Aberdeen Pheasants : RHP Raul Ortiz
|
|
Pitching: LHP Juan Contreras
|
|
|
Batting: SHB R J Reynolds
|
0-0: Called Strike 0-1: Foul Ball, location: 2F 0-2: Fly out, F4 (Popup, 34S, EV 86.9 MPH)
|
|
Batting: LHB Tim Flannery
|
0-0: Ground out 4-3 (Groundball, 4MD, EV 96.3 MPH)
|
|
Batting: RHB Bill Worden
|
0-0: Called Strike 0-1: Called Strike 0-2: Ball 1-2: Strikes out looking
|
| Top of the 9th over - 0 runs, 0 hits, 0 errors, 0 left on base; St. Cloud 1 - Aberdeen 5 |
|